 Dungeon Crawl Stone Soup version 0.31-a0-705-ga145531891 (webtiles) character file.

Game seed: 2521207701259745450

68 elmdor the Chopper (level 4, -3/36 HPs)
             Began as a Meteoran Wanderer on Sept 9, 2023.
             Slain by a gnoll
             ... wielding a +0 whip
              (8 damage)
             ... on level 3 of the Dungeon.
             The game lasted 00:05:51 (880 turns).

elmdor the Chopper (Meteoran Wanderer)               Turns: 880, Time: 00:05:51

Health: -3/36      AC:  3    Str: 15    XL:     4   Next: 68%
Magic:  9/9        EV: 11    Int: 11    God:
Gold:   77         SH:  0    Dex: 16    Spells: 7/8 levels left

rFire   . . .        q - +0 war axe
rCold   . . .        (no shield)
rNeg    . . .        e - +0 leather armour
rPois   .            (no helmet)
rElec   .            (no cloak)
rCorr   .            (no gloves)
SInv    .            (no boots)
Will    .....        (no amulet)
Stlth   +            (no ring)
HPRegen 0.26/turn    (no ring)
MPRegen 0.11/turn

%: no passive effects
@: glowing
A: sense surroundings 1, otherworldly, glowing, explore regen
a: no special abilities


You were on level 3 of the Dungeon.
You visited 1 branch of the dungeon, and saw 3 of its levels.

You collected 77 gold pieces.

Inventory:

Hand Weapons
 a - a +0 short sword
 c - a +0 dagger
 q - a +0 war axe (weapon)
Missiles
 b - 9 boomerangs
 g - 25 stones
 n - 6 javelins
Armour
 e - a +0 leather armour (worn)
Scrolls
 f - 2 scrolls of identify {unknown}
 i - a scroll of noise {unknown}
 j - a scroll of fear {unknown}
 m - 2 scrolls of poison {unknown}
 o - a scroll of teleportation {unknown}
 p - a scroll of immolation {unknown}
Potions
 d - a potion of berserk rage
 h - 2 potions of heal wounds {unknown}
 l - a potion of curing {unknown}
 r - a potion of invisibility {unknown}


   Skills:
 - Level 2.2 Fighting
 - Level 2.1 Short Blades
 + Level 3.0 Axes
 - Level 2.4 Throwing
 - Level 1.5 Armour
 - Level 0.6 Dodging
 - Level 2.6 Spellcasting
 - Level 2.4 Air Magic
 - Level 1.2 Evocations


You had 7 spell levels left.
You knew the following spells:

 Your Spells              Type           Power      Damage    Failure   Level
a - Shock                 Conj/Air       16%        1d4       21%         1

Your spell library contained the following spells:

 Spells                   Type           Power      Damage    Failure   Level
 Cigotuvi's Dreadful Rot  Necr/Pois/Air  6%         N/A       36%         2
 Swiftness                Air            6%         N/A       36%         3


Dungeon Overview and Level Annotations

Branches:
Dungeon (3/15) Zot: 881

Altars:
The Shining One


Innate Abilities, Weirdness & Mutations

You passively map a small area around you.
You are easily found by Zot.
You glow in the dark.
You regain HP and MP as you explore.


Message History

You barely miss the gnoll.
The gnoll is almost dead.
You slash the gnoll! The gnoll barely misses you. x2
The gnoll closely misses you. x2; The gnoll hits you with a +0 whip!
The gnoll hits you with a +0 flail.
Unknown command.
The gnoll throws a throwing net.
The throwing net misses you. The gnoll attacks as it pursues you!
The gnoll barely misses you.
You see here a throwing net.
Throw: 3 darts (atropa)
Press: ? - help, Q - select action, (/) - cycle Shift-Dir - straight line, f - gnoll
Aim: a gnoll, wielding a +0 halberd (63% to hit, chance to blind on hit: 100%)
You throw an atropa-tipped dart.
The atropa-tipped dart barely misses the gnoll.
The atropa-tipped dart barely misses the gnoll.
Throw: 2 darts (atropa)
Press: ? - help, Q - select action, (/) - cycle Shift-Dir - straight line, f/p - gnoll
Aim: a gnoll, wielding a +0 halberd (63% to hit, chance to blind on hit: 100%)
You throw an atropa-tipped dart. The atropa-tipped dart hits the gnoll.
The gnoll appears confused.
The gnoll is almost dead.
The gnoll seems less confused.
You slash the gnoll!
You kill the gnoll!
Your Axes skill increases to level 3!
You barely miss the gnoll.
The gnoll is severely wounded.
The gnoll hits you with a +0 whip.
Throw: dart (atropa)
Press: ? - help, Q - select action, (/) - cycle Shift-Dir - straight line, f/p - gnoll
Aim: a gnoll, wielding a +0 halberd (63% to hit, chance to blind on hit: 100%)
You throw an atropa-tipped dart.
The atropa-tipped dart barely misses the gnoll.
The atropa-tipped dart barely misses the gnoll.
The gnoll misses you.
The gnoll hits you from afar with a +0 halberd!
* * * LOW HITPOINT WARNING * * *
The gnoll attacks as it pursues you! The gnoll closely misses you.
The gnoll attacks as it pursues you! The gnoll hits you with a +0 whip!
You die...

#.. ##... ##.... #.....
######## #.....
#......# .....
#.#.g.g#########....
#..@#.......)..(.(..
#..###...########...
#.##_##..###### ,###
#..##'.........#
#...#..P...###..
############.....P~P.##
* **
##..........#.....P~P.#
#.....).........⌠..P..#
#..#######..###......##


You could see 2 gnolls.

Vanquished Creatures
  An adder (D:2)
  A gnoll (D:3)
  A worm (D:2)
  A dart slug (D:2)
  2 ball pythons
  A bat (D:2)
  5 endoplasms
  2 giant cockroaches
  4 goblins
  7 hobgoblins
  4 jackals
  A quokka (D:2)
  2 frilled lizards
  4 kobolds
  A rat (D:1)
37 creatures vanquished.

Notes
Turn   | Place    | Note
-------+----------+-------------------------------------------
     0 | D:1      | elmdor the Meteoran Wanderer began the quest for the Orb.
     0 | D:1      | elmdor set off with the following items: a +0 short sword,
                  | 9 boomerangs, a +0 dagger, a potion of berserk rage, a +0
                  | leather armour; and the following spell memorised: Shock;
                  | and the following spells available to memorise: Cigotuvi's
                  | Dreadful Rot, Swiftness.
     0 | D:1      | Reached XP level 1. HP: 16/16 MP: 5/5
    85 | D:1      | Reached XP level 2. HP: 13/23 MP: 6/6
    86 | D:1      | Reached skill level 1 in Armour
   393 | D:1      | Reached XP level 3. HP: 28/29 MP: 8/8
   551 | D:2      | Reached skill level 1 in Axes
   643 | D:2      | HP: 2/43 [poisoned by an adder]
   646 | D:2      | Reached skill level 2 in Axes
   646 | D:2      | Reached XP level 4. HP: 1/36 MP: 9/9
   834 | D:3      | Found a glowing golden altar of the Shining One.
   871 | D:3      | Reached skill level 3 in Axes
   880 | D:3      | Slain by a gnoll

Illustrated notes

Levels and vault maps discovered:
D:1:      lightli_arrival_lavapool, layout_rooms, serial_forest,
          infiniplex_forest_clump_curved, infiniplex_forest_zigzag_2,
          infiniplex_forest_clump_small, infiniplex_forest_lined_room_2,
          infiniplex_forest_clump_small, infiniplex_forest_lined_room_2
D:2:      layout_rooms
D:3:      kennysheep_big_flooded_room, layout_loops_ring,
          mainiacjoe_overflow_tiny_flanked, tso_oasis_becter, uniq_ijyb

Skill      XL: |  1  2  3  4 |
---------------+-------------+-----
Armour         | 1 |  1.5
Fighting       | 2 |  2.2
Axes           | 2 3 |  3.0
Short Blades   | |  2.1
Throwing       | |  2.4
Dodging        | |  0.6
Spellcasting   | |  2.6
Air Magic      | |  2.4
Evocations     | |  1.2

Action                     |  1- 3 |  4- 6 || total
---------------------------+-------+-------++-------
  Melee: Short sword       |    95 |       ||    95
         War axe           |    40 |    25 ||    65
  Throw: Dart              |       |     3 ||     3
    Use: Potion            |     2 |       ||     2
   Stab: Sleeping          |     1 |       ||     1
 Armour: Leather armour    |    76 |    19 ||    95
  Dodge: Dodged            |    69 |    28 ||    97

Table legend: (Time is in decaauts)
 A = Elapsed time spent in this place.
 B = Non-inter-level travel time spent in this place.
 C = Inter-level travel time spent in this place.
 D = Time resting spent in this place.
 E = Time spent auto-exploring this place.
 F = Levels seen in this place.
 G = Mean time per level.
                   A        B        C        D        E       F      G
               +--------+--------+--------+--------+--------+-----+--------+
         Total |    917 |    828 |     89 |      0 |      0 |   3 |  305.7 |
       Dungeon |    917 |    828 |     89 |      0 |      0 |   3 |  305.7 |
               +--------+--------+--------+--------+--------+-----+--------+

Top non-repeatable levels by time:
     D:1: 469 daAuts
     D:2: 321 daAuts
     D:3: 126 daAuts
